Map: [ESL] Babylon

Players

HeroMarine

  • Race: Terran Terran

Oliveira - Winner!

  • Race: Terran Terran

Event: IEM Katowice 2023

VOD

Have the link to the VOD?

Description

Time

  • Played on: Feb. 11, 2023, 12:46 p.m.
  • Length: 8:25

All games in this series

Show
View Real Time Build Order
Export as new Build Order

HeroMarine Terran 

Build Orders:  

Get SALT Encoding   

  12  0:00  SCV  
  13  0:12  SCV  
  14  0:17  Supply Depot  
  14  0:24  SCV  
  15  0:38  SCV  
  15  0:40  Barracks  
  16  0:43  Refinery  
  16  0:50  SCV  
  16  0:53  Refinery  
  17  1:03  SCV  
  18  1:15  SCV  
  19  1:26  Reaper  
  19  1:27  Orbital Command  
  19  1:30  Supply Depot  
  20  1:40  Factory  
  20  1:52  SCV  
  21  1:59  Reaper  
  22  2:04  SCV  
  23  2:15  Command Center  
  23  2:18  SCV  
  24  2:24  Hellion  
  26  2:30  SCV  
  26  2:31  Reaper  
  26  2:35  Supply Depot  
  28  2:43  SCV  
  29  2:45  Widow Mine  
  31  2:57  SCV, Starport  
  32  3:03  Barracks Reactor  
  32  3:07  Factory Tech Lab  
  32  3:09  SCV  
  33  3:17  Refinery  
  33  3:21  SCV  
  33  3:26  Cyclone  
  33  3:27  Orbital Command  
  37  3:33  SCV  
  38  3:35  Starport Tech Lab  
  38  3:40  Marine x2  
  40  3:45  SCV  
  41  3:52  SCV  
  41  3:54  Raven  
  44  3:57  SCV  
  44  3:59  Siege Tank  
  48  4:04  SCV  
  48  4:09  SCV  
  50  4:14  Command Center  
  50  4:17  Supply Depot  
  50  4:20  SCV  
  50  4:21  SCV  
  52  4:28  Raven  
  54  4:37  Supply Depot  
  54  4:39  Siege Tank, SCV x2  
  54  4:45  Supply Depot, Refinery  
  59  4:49  Marine  
  59  4:51  SCV x2  
  62  5:03  SCV x2  
  64  5:11  Siege Tank  
  64  5:13  Viking x2  
  71  5:15  SCV x2  
  73  5:22  Stimpack, Supply Depot  
  73  5:25  Marine, Orbital Command  
  73  5:27  SCV x2  
  76  5:33  Supply Depot  
  76  5:40  SCV x2  
  78  5:43  Siege Tank  
  78  5:44  Viking  
  78  5:45  Viking  
  84  5:50  Orbital Command  
  84  5:52  SCV x2  
  84  5:54  Marine  
  87  6:03  Barracks  
  87  6:04  Barracks, SCV x2  
  89  6:08  Engineering Bay  
  89  6:10  Engineering Bay  
  89  6:12  Marine  
  89  6:15  Siege Tank  
  96  6:19  Viking  
  96  6:20  Viking  
  96  6:22  SCV  
  98  6:25  Bunker  
  98  6:28  SCV x2  
  98  6:30  Marine  
  99  6:34  SCV  
  100  6:40  SCV x2  
  100  6:42  Sensor Tower  
  102  6:48  Marine  
  102  6:49  SCV  
  102  6:52  SCV x2  
  102  6:53  Marine  
  106  6:57  Missile Turret  
  106  7:00  Marine, Medivac  
  109  7:03  Medivac  
  109  7:04  Supply Depot x2  
  109  7:05  Missile Turret x2  
  109  7:06  SCV x2  
  109  7:12  Marine  
  109  7:13  Marine  
  109  7:14  SCV  
  107  7:18  Marine, SCV  
  107  7:19  SCV  
  77  7:30  Marine x2, SCV  
  77  7:31  SCV  
  77  7:34  Viking  
  77  7:36  Marine, Orbital Command  
  59  7:40  Viking  
  60  7:46  SCV  
  60  7:47  SCV  
  60  7:48  Marine x2  
  64  7:54  Marine  
  67  7:59  SCV x2  
  67  8:03  SCV  
  69  8:06  Marine  
  69  8:11  SCV x2  
  74  8:14  Barracks Reactor x2  
Show
View Real Time Build Order
Export as new Build Order

Oliveira Terran - Winner!

Build Orders:  

Get SALT Encoding   

  12  0:00  SCV  
  13  0:12  SCV  
  14  0:17  Supply Depot  
  14  0:24  SCV  
  15  0:38  SCV  
  15  0:40  Barracks  
  16  0:43  Refinery  
  16  0:50  SCV  
  16  0:53  Refinery  
  17  1:03  SCV  
  18  1:15  SCV  
  19  1:27  Orbital Command, Reaper  
  19  1:28  Supply Depot  
  20  1:42  Factory  
  20  1:52  SCV  
  21  1:59  Reaper  
  22  2:05  SCV  
  23  2:17  SCV  
  23  2:18  Command Center  
  24  2:26  Hellion  
  24  2:29  SCV  
  27  2:32  Barracks Reactor  
  27  2:38  Supply Depot  
  27  2:41  SCV  
  28  2:47  Widow Mine  
  28  2:50  Starport  
  30  2:54  SCV  
  31  3:06  SCV  
  31  3:08  Factory Tech Lab  
  31  3:09  Marine x2  
  34  3:14  Refinery  
  34  3:18  SCV  
  35  3:26  Marine x2  
  37  3:30  SCV  
  37  3:31  Orbital Command  
  38  3:34  Factory Tech Lab  
  38  3:35  Raven  
  40  3:42  SCV  
  40  3:45  Marine x2  
  43  3:53  Siege Tank  
  43  3:54  SCV  
  47  3:57  Supply Depot  
  47  3:58  SCV  
  48  4:07  SCV  
  49  4:11  Barracks  
  49  4:12  SCV  
  49  4:15  Starport Reactor  
  50  4:17  Barracks  
  50  4:20  SCV  
  50  4:22  Stimpack  
  51  4:25  SCV  
  51  4:30  Siege Tank  
  55  4:32  SCV  
  55  4:37  SCV, Supply Depot  
  57  4:39  Marine  
  57  4:44  Engineering Bay  
  57  4:45  SCV  
  59  4:50  SCV  
  60  4:57  Marine, SCV  
  60  4:58  Marine  
  60  4:59  Starport Reactor  
  63  5:00  Supply Depot  
  63  5:02  SCV  
  63  5:03  Marine  
  63  5:05  Siege Tank  
  68  5:09  SCV  
  68  5:11  Terran Infantry Weapons Level 1  
  69  5:14  SCV  
  69  5:16  Supply Depot  
  70  5:21  Marine x4  
  70  5:23  SCV  
  70  5:24  Marine  
  70  5:26  SCV  
  77  5:28  Supply Depot  
  77  5:37  SCV  
  77  5:38  Medivac x2, SCV  
  77  5:39  Marine  
  77  5:42  Marine  
  85  5:45  Supply Depot  
  85  5:48  Marine  
  86  5:50  Marine x2, Siege Tank  
  86  5:53  Supply Depot  
  86  5:57  Marine  
  91  6:00  Marine  
  91  6:02  Combat Shield  
  93  6:06  Marine  
  93  6:07  Marine  
  93  6:08  Medivac x2  
  93  6:09  Supply Depot  
  99  6:12  Marine  
  99  6:14  Marine  
  99  6:16  Refinery  
  99  6:18  Marine, Supply Depot  
  102  6:23  Marine  
  103  6:25  Marine  
  103  6:30  Marine  
  105  6:33  Marine  
  105  6:39  Siege Tank  
  109  6:40  Command Center  
  109  6:42  Marine x2  
  109  6:46  Supply Depot  
  111  6:51  Marine  
  111  6:52  SCV  
  111  6:53  SCV  
  114  6:56  Marine x2  
  115  7:06  Marine  
  115  7:08  Marine  
  116  7:12  Marine  
  116  7:15  Marine  
  117  7:16  Marine  
  117  7:17  Siege Tank  
  114  7:29  Marine  
  100  7:30  Marine  
  100  7:32  SCV  
  100  7:33  SCV  
  100  7:37  Marine  
  100  7:39  Engineering Bay, Barracks x2, Armory  
  101  7:45  Marine  
  101  7:47  Marine  
  100  7:52  Marine x2  
  100  7:54  Marine  
  100  7:55  SCV  
  100  7:58  SCV  
  109  8:00  Orbital Command  
  109  8:03  Marine  
  109  8:05  Marine  
  111  8:10  SCV  
  111  8:13  SCV  

Tags
 
Add a new tag
Caveats
  • Supply blocks, unpowered buildings, or Contaminate may cause inaccurate times.
  • Supply counts are checked every 10 seconds.